 Dungeon Crawl Stone Soup version 0.21.1-1-g345015fe64 (webtiles) character file.

56 KleinerIrrer the Grasshopper (level 3, -13/31 HPs)
             Began as a Gnoll Warper on Mar 16, 2018.
             Mangled by an orc warrior
             ... wielding a cursed -1 dire flail
              (16 damage)
             ... on level 2 of the Dungeon.
             The game lasted 00:03:55 (1534 turns).

KleinerIrrer the Grasshopper (Gnoll Warper)         Turns: 1534, Time: 00:03:55

Health: -13/31     AC:  3    Str: 13    XL:     3   Next: 95%
Magic:  6/9        EV: 14    Int: 15    God:
Gold:   101        SH:  0    Dex: 15    Spells: 2/12 levels left

rFire    . . .     SeeInvis .   a - +0 short sword
rCold    . . .     Gourm    .   (no shield)
rNeg     . . .     Faith    .   b - +0 leather armour
rPois    .         Spirit   .   (no helmet)
rElec    .         Reflect  .   (no cloak)
rCorr    .         Harm     .   (no gloves)
MR       .....                  (no boots)
Stlth    ++........             (no amulet)
HPRegen  0.10/turn              (no ring)
MPRegen  0.11/turn              (no ring)

@: very slightly contaminated
A: distributed training, fangs 1, strong nose
a: no special abilities


You were on level 2 of the Dungeon.
You were not hungry.

You visited 1 branch of the dungeon, and saw 2 of its levels.

You collected 101 gold pieces.

Inventory:

Hand Weapons
 a - a +0 short sword (weapon)
Missiles
 e - 5 tomahawks of dispersal (quivered)
 q - 6 poisoned needles
Armour
 b - a +0 leather armour (worn)
Scrolls
 d - a scroll of blinking
 g - a scroll of teleportation {unknown}
 h - a scroll of amnesia {unknown}
 j - a scroll of remove curse {unknown}
 m - a scroll of random uselessness {unknown}
Potions
 i - a potion of invisibility {unknown}
 k - a potion of resistance {unknown}
 l - a potion of flight {unknown}
 n - a potion of curing {unknown}
 o - 2 potions of heal wounds {unknown}
Books
 c - a book of Spatial Translocations

   Spells                             Type                      Level
   a - Blink                          Translocation                2
   b - Shroud of Golubria             Charms/Translocation         2
   c - Lesser Beckoning               Translocation                3
   d - Gell's Gravitas                Translocation                3
   e - Teleport Other                 Translocation                3
   f - Passage of Golubria            Translocation                4
Comestibles
 f - 2 rations
 p - 2 chunks of flesh


   Skills:
 + Level 4.6 Fighting
 + Level 4.6 Short Blades
 + Level 1.0 Long Blades
 + Level 1.0 Axes
 + Level 1.0 Maces & Flails
 + Level 1.0 Polearms
 + Level 1.0 Staves
 + Level 1.0 Slings
 + Level 1.0 Bows
 + Level 1.0 Crossbows
 + Level 2.6 Throwing
 + Level 2.6 Armour
 + Level 4.6 Dodging
 + Level 1.0 Stealth
 + Level 1.0 Shields
 + Level 1.0 Unarmed Combat
 + Level 5.0 Spellcasting
 + Level 0.7 Conjurations
 + Level 0.7 Hexes
 + Level 0.7 Charms
 + Level 0.7 Summonings
 + Level 0.7 Necromancy
 + Level 5.4 Translocations
 + Level 0.7 Transmutations
 + Level 0.7 Fire Magic
 + Level 0.7 Ice Magic
 + Level 0.7 Air Magic
 + Level 0.7 Earth Magic
 + Level 0.7 Poison Magic
 + Level 1.0 Invocations
 + Level 1.0 Evocations


You had 2 spell levels left.
You knew the following spells:

 Your Spells              Type           Power        Failure   Level  Hunger
a - Blink                 Tloc           N/A          3%          2    ##.....
b - Shroud of Golubria    Chrm/Tloc      ##........   9%          2    ##.....
c - Lesser Beckoning      Tloc           ###.......   7%          3    ###....
d - Gell's Gravitas       Tloc           ###.......   7%          3    ###....


Dungeon Overview and Level Annotations

Branches:
Dungeon (2/15)

Altars:


Innate Abilities, Weirdness & Mutations

Your experience applies equally to all skills.
You have very sharp teeth.
Your uncanny sense of smell can sniff out nearby items.


Message History

You are too injured to fight recklessly!
You are too injured to fight recklessly!
You are too injured to fight recklessly!
You are too injured to fight recklessly!
You are too injured to fight recklessly!
You are too injured to fight recklessly!
You are too injured to fight recklessly!
You are too injured to fight recklessly!
You are too injured to fight recklessly!
You are too injured to fight recklessly!
Casting: Lesser Beckoning
Confirm with . or Enter, or press ? or * to list all spells.
Aiming: Gell's Gravitas
Press: ? - help, Dir - move target cursor You miscast Gell's Gravitas.
You are very lightly contaminated with residual magic.
Nothing appears to happen.
The orc warrior hits you with an enchanted dire flail!
Ouch! That really hurt!
You die...

#############
#...........#
#.#########.#
######.###### #.#
............# #.#
######.####.# #.#
#.# #.# #@# #.#
#.# #o# #.# #.#
#o# #.# #.# #o#
######.####.####.#
....##.........r.#
.##(#######..##.##
.##.#######>..#o#
.##.............##
∆


You could see an orc warrior, an orc priest, 2 orcs and a quokka.

Vanquished Creatures
  An adder (D:2)
  4 dart slugs
  2 leopard geckos (D:1)
  4 bats
  3 giant cockroaches
  2 goblins
  5 hobgoblins
  7 kobolds
  4 frilled lizards
  6 rats
38 creatures vanquished.

Notes
Turn   | Place    | Note
-------+----------+-------------------------------------------
     0 | D:1      | KleinerIrrer the Gnoll Warper began the quest for the Orb.
     0 | D:1      | Reached XP level 1. HP: 20/20 MP: 6/6
    71 | D:1      | Reached XP level 2. HP: 23/26 MP: 7/7
   468 | D:1      | Reached XP level 3. HP: 30/31 MP: 9/9
   483 | D:1      | Reached skill level 5 in Spellcasting
   950 | D:2      | Reached skill level 1 in Invocations
  1239 | D:2      | Learned a level 2 spell: Blink
  1242 | D:2      | Learned a level 2 spell: Shroud of Golubria
  1246 | D:2      | Learned a level 3 spell: Lesser Beckoning
  1250 | D:2      | Learned a level 3 spell: Gell's Gravitas
  1410 | D:2      | Reached skill level 1 in Long Blades
  1410 | D:2      | Reached skill level 1 in Axes
  1410 | D:2      | Reached skill level 1 in Maces & Flails
  1410 | D:2      | Reached skill level 1 in Polearms
  1410 | D:2      | Reached skill level 1 in Staves
  1410 | D:2      | Reached skill level 1 in Slings
  1410 | D:2      | Reached skill level 1 in Bows
  1410 | D:2      | Reached skill level 1 in Crossbows
  1410 | D:2      | Reached skill level 1 in Stealth
  1410 | D:2      | Reached skill level 1 in Shields
  1410 | D:2      | Reached skill level 1 in Unarmed Combat
  1410 | D:2      | Reached skill level 1 in Evocations
  1514 | D:2      | Noticed an orc warrior
  1534 | D:2      | Mangled by an orc warrior

Skill      XL: |  1  2  3 |
---------------+----------+-----
Spellcasting   | 5 |  5.0
Invocations    | 1 |  1.0
Long Blades    | 1 |  1.0
Axes           | 1 |  1.0
Maces & Flails | 1 |  1.0
Polearms       | 1 |  1.0
Staves         | 1 |  1.0
Slings         | 1 |  1.0
Bows           | 1 |  1.0
Crossbows      | 1 |  1.0
Stealth        | 1 |  1.0
Shields        | 1 |  1.0
Unarmed Combat | 1 |  1.0
Evocations     | 1 |  1.0
Fighting       | |  4.6
Short Blades   | |  4.6
Throwing       | |  2.6
Armour         | |  2.6
Dodging        | |  4.6
Conjurations   | |  0.7
Hexes          | |  0.7
Charms         | |  0.7
Summonings     | |  0.7
Necromancy     | |  0.7
Translocations | |  5.4
Transmutations | |  0.7
Fire Magic     | |  0.7
Ice Magic      | |  0.7
Air Magic      | |  0.7
Earth Magic    | |  0.7
Poison Magic   | |  0.7

Action                   || total
-------------------------++-------
Melee: Short sword       ||   130
       Bite              ||    13
       Punch             ||     1
 Cast: Gell's Gravitas   ||     1
       Lesser Beckoning  ||     1
 Stab: Sleeping          ||     3
  Eat: Chunk             ||     2
Armor: Leather armour    ||    19
Dodge: Dodged            ||    94
